Map: Kairos Junction LE

Players

Mesrob - Winner!

  • Race: Terran Terran
  • League: Platinum
  • Spawn Location: 11:00

Ecnunn

  • Race: Zerg Zerg
  • League: Gold
  • Spawn Location: 5:00

VOD

Have the link to the VOD?

Description

Time

  • Played on: July 14, 2019, 2:20 p.m.
  • Length: 18:31
Show
View Real Time Build Order
Export as new Build Order

Mesrob Terran - Winner!

Build Orders: Reaper Expand 

Get SALT Encoding   

  12  0:00  SCV  
  13  0:12  SCV  
  14  0:16  Supply Depot  
  14  0:24  SCV  
  15  0:38  SCV  
  15  0:39  Barracks  
  16  0:46  Refinery  
  16  0:50  SCV  
  17  1:03  SCV  
  18  1:15  SCV  
  19  1:27  Orbital Command  
  19  1:43  Command Center  
  19  1:48  Refinery  
  19  1:51  Reaper  
  20  1:59  Supply Depot  
  20  2:03  SCV  
  21  2:14  Factory  
  21  2:24  SCV  
  22  2:31  Barracks Reactor  
  22  2:36  SCV  
  23  2:48  SCV  
  24  2:57  Orbital Command  
  24  3:00  SCV  
  24  3:02  Supply Depot  
  25  3:12  SCV  
  26  3:22  Supply Depot  
  26  3:31  Hellion x2  
  30  3:38  Factory, SCV  
  31  3:41  SCV  
  31  3:45  Supply Depot  
  32  3:50  Supply Depot, SCV  
  32  3:53  Engineering Bay  
  32  3:54  SCV  
  34  3:58  Armory  
  34  4:02  SCV  
  34  4:06  SCV  
  34  4:08  Hellion  
  34  4:09  Supply Depot  
  38  4:11  Hellion  
  38  4:15  SCV  
  41  4:18  Factory, SCV  
  42  4:26  Supply Depot  
  42  4:27  Refinery, SCV  
  42  4:29  Refinery  
  42  4:30  SCV  
  44  4:34  Factory Tech Lab  
  44  4:39  SCV  
  45  4:51  SCV  
  46  4:59  Command Center, Cyclone  
  49  5:03  SCV  
  50  5:07  Factory Tech Lab  
  50  5:09  Hellion x2  
  50  5:10  SCV  
  55  5:15  SCV  
  56  5:32  SCV  
  57  5:39  Cyclone x2  
  63  5:44  SCV  
  63  5:45  Missile Turret  
  64  5:54  SCV  
  64  5:56  SCV  
  70  5:57  Hellion x2  
  70  6:01  Missile Turret, Terran Vehicle Weapons Level 1  
  70  6:03  Mag-Field Accelerator  
  70  6:04  Infernal Pre-Igniter  
  70  6:09  Missile Turret  
  69  6:22  Missile Turret  
  69  6:24  Supply Depot  
  69  6:28  Armory  
  69  6:30  SCV x2  
  71  6:32  Planetary Fortress  
  71  6:39  Missile Turret  
  75  6:40  Hellion x2  
  75  6:41  Cyclone  
  75  6:42  SCV x2  
  75  6:46  Supply Depot, Cyclone  
  83  6:54  SCV x2  
  85  7:01  Missile Turret  
  85  7:05  Hellion x2  
  85  7:06  SCV  
  90  7:09  Supply Depot  
  90  7:13  Cyclone  
  93  7:18  Cyclone  
  96  7:27  Hellion x2  
  97  7:35  Starport x2  
  97  7:39  Factory  
  97  7:47  SCV  
  97  7:48  SCV x2  
  100  7:55  Cyclone x2  
  100  7:57  Hellion x2  
  110  7:59  SCV  
  110  8:00  SCV x2  
  110  8:04  Terran Vehicle And Ship Armor Level 1  
  113  8:12  SCV x3  
  116  8:15  Factory, Command Center  
  116  8:17  Factory  
  116  8:19  Starport Reactor x2  
  116  8:24  SCV  
  116  8:25  Refinery x2, Factory Reactor  
  117  8:29  Cyclone  
  117  8:30  Hellion x2  
  117  8:31  Hellion  
  126  8:35  SCV x2  
  126  8:38  SCV  
  129  8:47  SCV x2  
  131  8:50  SCV  
  132  8:59  SCV  
  133  9:08  Liberator x2  
  133  9:09  Liberator  
  133  9:19  Supply Depot  
  133  9:25  Hellion  
  133  9:27  SCV, Cyclone x2  
  133  9:29  Supply Depot  
  151  9:36  Liberator  
  151  9:43  Supply Depot, SCV x2  
  151  9:45  SCV  
  154  9:48  Factory Tech Lab  
  154  9:50  Hellion x4, Liberator  
  154  9:51  Hellion  
  154  9:52  Supply Depot  
  164  9:59  Cyclone  
  170  10:05  Cyclone  
  170  10:06  Planetary Fortress  
  173  10:09  Supply Depot  
  173  10:11  Hellion  
  178  10:15  Refinery, Liberator x2  
  178  10:16  Refinery  
  178  10:20  Supply Depot  
  178  10:27  Factory Tech Lab, Cyclone  
  181  10:29  Hellbat x3  
  181  10:31  Cyclone  
  181  10:32  Supply Depot  
  196  10:42  Hellbat  
  148  11:16  Command Center  
  115  11:22  Liberator x4  
  104  11:34  Cyclone x2  
  104  11:35  Cyclone x2  
  104  11:37  Hellion x4  
  136  11:48  Refinery  
  136  11:50  SCV  
  136  11:51  SCV x2  
  139  11:58  Hellion  
  141  12:03  SCV  
  141  12:06  Command Center  
  142  12:16  Cyclone x2  
  142  12:17  Cyclone x2  
  142  12:19  Hellion x4  
  142  12:21  Command Center  
  162  12:24  Fusion Core  
  162  12:28  Terran Vehicle Weapons Level 2, Terran Vehicle And Ship Armor Level 2  
  162  12:40  Hellion x2  
  162  12:41  Hellion  
  168  12:48  Cyclone x2  
  168  12:49  Cyclone  
  139  13:15  Liberator x3  
  131  13:28  Cyclone x3  
  131  13:29  Cyclone  
  131  13:30  Hellion x4  
  160  13:51  Hellion x2  
  160  13:52  Hellion x2  
  168  14:00  Cyclone  
  171  14:07  Liberator x2  
  125  14:20  Cyclone x2  
  125  14:21  Cyclone  
  125  14:22  Hellion x3  
  125  14:23  Hellion  
  148  14:31  Starport  
  148  14:32  Cyclone  
  151  14:38  Starport  
  151  14:44  Terran Ship Weapons Level 1  
  151  14:50  Hellion x3  
  151  14:51  Hellion  
  162  14:52  Cyclone  
  162  14:53  Hellion x2  
  162  14:56  Planetary Fortress  
  166  15:00  Refinery  
  166  15:02  Refinery  
  166  15:06  Missile Turret  
  166  15:07  Sensor Tower  
  144  15:41  Cyclone x4  
  152  15:42  Hellion  
  152  15:43  Hellion x3  
  158  16:04  Hellion x2  
  132  16:36  Liberator x2  
  123  16:45  Cyclone x3  
  123  16:46  Cyclone  
  135  16:57  Hellion x4  
  136  17:17  Cyclone  
  136  17:18  Hellion  
  97  17:47  Command Center  
  89  17:55  Cyclone x3  
Show
View Real Time Build Order
Export as new Build Order

Ecnunn Zerg 

Build Orders: Hatch First, Roach Hydra 

Get SALT Encoding   

  12  0:08  Overlord  
  12  0:13  Drone  
  13  0:17  Drone  
  14  0:27  Drone  
  15  0:33  Drone  
  16  0:42  Drone  
  17  0:54  Hatchery  
  17  0:56  Drone  
  17  1:03  Drone  
  18  1:15  Drone  
  19  1:19  Extractor  
  19  1:24  Spawning Pool  
  19  1:25  Overlord  
  17  1:37  Drone  
  18  1:46  Drone  
  19  1:57  Drone  
  20  2:07  Drone  
  21  2:10  Queen  
  21  2:14  Queen  
  25  2:16  Spine Crawler  
  25  2:19  Drone  
  25  2:21  Drone  
  26  2:23  Spine Crawler  
  26  2:24  Drone  
  26  2:31  Drone x2  
  28  2:40  Drone x2  
  30  2:51  Drone x2  
  32  3:00  Overlord  
  32  3:01  Overlord  
  32  3:09  Queen  
  34  3:17  Drone x2  
  36  3:32  Drone x2  
  36  3:33  Drone  
  39  3:34  Overlord  
  39  3:43  Lair  
  39  3:45  Extractor  
  39  3:47  Extractor  
  37  3:48  Extractor  
  37  3:50  Drone x3  
  39  3:56  Drone x2  
  39  3:57  Drone x3  
  39  3:59  Spine Crawler  
  43  4:05  Drone  
  43  4:07  Overlord  
  43  4:09  Drone  
  45  4:10  Drone x2  
  47  4:21  Drone x2, Roach Warren  
  47  4:23  Drone  
  49  4:25  Hatchery  
  48  4:42  Queen  
  50  5:11  Roach x2  
  50  5:12  Roach x6  
  50  5:13  Overlord x3  
  68  5:26  Glial Reconstitution  
  68  5:28  Overlord x2  
  68  5:35  Overlord  
  66  5:36  Roach x3  
  72  5:48  Overlord x2  
  72  5:59  Queen  
  72  6:00  Drone  
  72  6:01  Drone x4  
  79  6:15  Evolution Chamber  
  79  6:18  Hydralisk Den  
  77  6:23  Drone x2  
  77  6:24  Drone x2  
  77  6:25  Evolution Chamber  
  80  6:34  Queen  
  82  6:41  Overlord x3  
  82  6:43  Roach  
  82  6:44  Roach x4  
  92  6:51  Zerg Missile Weapons Level 1, Zerg Ground Armor Level 1  
  92  6:54  Drone  
  92  6:55  Drone  
  94  7:03  Drone  
  94  7:04  Drone x6  
  101  7:12  Roach  
  101  7:35  Roach x8  
  101  7:36  Overlord  
  117  7:42  Overlord  
  117  7:49  Muscular Augments  
  117  7:54  Extractor  
  117  7:55  Extractor, Queen  
  117  8:10  Hydralisk  
  117  8:11  Hydralisk x5  
  129  8:24  Hatchery  
  128  8:34  Ravager  
  128  8:35  Ravager  
  128  8:36  Overlord x4  
  128  8:37  Overlord x2  
  130  9:01  Grooved Spines, Hydralisk x2  
  130  9:02  Hydralisk x7  
  148  9:10  Drone  
  148  9:15  Spine Crawler  
  148  9:17  Spine Crawler  
  148  9:19  Drone x4, Spine Crawler  
  150  9:39  Ravager x6  
  150  9:40  Ravager x15  
  150  9:42  Roach  
  171  10:00  Hydralisk x4  
  171  10:01  Hydralisk x2  
  171  10:02  Overlord x2  
  171  10:03  Overlord x2  
  183  10:24  Queen  
  183  10:25  Drone  
  183  10:26  Drone x12  
  198  10:37  Hydralisk  
  200  11:00  Queen  
  196  11:10  Hydralisk x5  
  142  11:19  Hydralisk  
  142  11:20  Hydralisk x11  
  147  11:34  Zergling x2  
  147  11:35  Zergling x4  
  147  11:39  Zerg Ground Armor Level 2, Zerg Missile Weapons Level 2  
  150  11:41  Extractor x2  
  148  11:56  Overseer x3  
  148  12:04  Hatchery  
  147  12:12  Roach  
  147  12:13  Roach x18  
  185  12:17  Extractor  
  185  12:19  Extractor  
  185  12:20  Spine Crawler  
  185  12:21  Spine Crawler  
  181  12:23  Spine Crawler  
  180  12:41  Hydralisk x3  
  180  12:42  Hydralisk x7  
  197  13:01  Hydralisk  
  167  13:16  Hydralisk  
  167  13:17  Hydralisk x13  
  173  14:07  Hydralisk x10  
  173  14:08  Hydralisk x6  
  177  14:13  Zergling x2  
  177  14:14  Zergling x4  
  169  14:21  Drone  
  169  14:22  Drone  
  171  14:34  Drone x2  
  171  14:35  Drone  
  172  15:20  Zergling x16  
  172  15:21  Zergling x20  
  138  15:36  Roach x7  
  131  15:48  Roach x4  
  131  15:49  Roach  
  139  15:55  Hydralisk  
  139  15:56  Hydralisk x5  
  144  16:08  Zergling x2  
  144  16:10  Roach  
  118  16:25  Hydralisk  
  104  16:26  Hydralisk x7  
  114  16:36  Hydralisk  
  114  16:37  Hydralisk  
  110  16:44  Hydralisk x12  
  136  16:53  Hydralisk x4  
  132  16:57  Zergling x6  
  132  17:00  Overlord x5  
  115  17:12  Hydralisk  
  88  17:21  Queen  
  88  17:22  Queen  
  76  17:32  Hydralisk  
  76  17:36  Hydralisk  
  67  17:39  Zergling x2  
  61  17:51  Drone x2  
Tags
 
Add a new tag
Caveats
  • Supply blocks, unpowered buildings, or Contaminate may cause inaccurate times.
  • Supply counts are checked every 10 seconds.